Wolves vs River Rats
(R1)
Created - 15 mai 2013 at 23:13
Goals
|
| Wolves |
2 |
1 |
1 |
4 |
| River Rats |
1 |
1 |
1 |
3 |
|
Shots
|
| Wolves |
17 |
14 |
13 |
44 |
| River Rats |
15 |
15 |
7 |
37 |
|
1st period
1. Wolves , Alexander Perezhogin 44 (Vyacheslav Kozlov, Rich Peverley) at 11:32
2. Wolves , Alexander Perezhogin 45 (Rich Peverley, Vyacheslav Kozlov) at 11:46
3. River Rats , Chris Mcallister 16 (Dustin Boyd, Lee Stempniak) at 12:00
Penalties :
Lee Stempniak (Alb) for Hooking (Minor) at 7:03, Benn Ferriero (Alb) for Tripping (Minor) at 17:42
2nd period
4. Wolves , Alexander Perezhogin 46 (Nate Guenin, Vyacheslav Kozlov) at 8:02
5. River Rats , Chris Mcallister 17 (Dustin Boyd, Mikael Renberg) at 16:49 (PP)
Penalties :
Lee Stempniak (Alb) for Hooking (Minor) at 9:08, Rich Peverley (Min) for Holding (Minor) at 9:08, Nathan Davis (Min) for Slashing (Minor) at 16:35
3rd period
6. Wolves , Mike Zigomanis 27 (Chris Neil, Willie Mitchell) at 1:48
7. River Rats , Lee Stempniak 42 (Niklas Hjalmarsson, Matt Jones) at 9:47
Penalties :
Bryan Bickell (Alb) for Cross-checking (Minor) at 10:49, Tyler Bozak (Alb) for High sticking (Minor) at 15:24, Nate Guenin (Min) for Holding (Minor) at 15:24
Goalie Stats
Julien Ellis (Min), 34 saves from 37 shots - (0,919), W, 34-27-3, 60:00 minutes
Jeff Glass (Alb), 40 saves from 44 shots - (0,909), L, 15-22-4, 60:00 minutes
Players Stats for Wolves
Player Name G A P +/- PIM S H SB GA TA FO MP PP MP PK MP
------------------------------------------------------------------------------------
Alexander Perezhogin 3 0 3 2 0 4 0 1 0 2 2/4 19:31 2:30 0:00
Chris Neil 0 1 1 0 0 3 1 0 0 0 0/1 16:50 3:17 0:14
Cody McLeod 0 0 0 0 0 0 3 0 1 0 0/0 9:22 0:10 0:00
Dan Fritsche 0 0 0 0 0 2 2 0 1 0 2/7 14:01 0:17 0:00
Ethan Moreau 0 0 0 0 0 3 0 0 1 0 1/1 14:47 0:00 0:14
Geoff Sanderson 0 0 0 0 0 4 3 0 0 0 0/1 17:10 2:30 0:00
Jonas Junland 0 0 0 0 0 0 0 0 0 0 0/0 11:48 0:00 0:00
Marc-André Gragnani 0 0 0 0 0 1 0 1 0 0 0/0 12:38 0:00 0:00
Matt Gilroy 0 0 0 1 0 1 1 3 0 1 0/0 19:40 2:24 0:14
Mike Zigomanis 1 0 1 0 0 3 2 1 0 1 7/11 15:58 2:30 0:00
Milan Bartovic 0 0 0 0 0 2 0 0 0 0 0/0 11:22 0:10 0:00
Nate Guenin 0 1 1 1 2 4 2 1 0 0 0/0 19:14 2:24 0:14
Nathan Davis 0 0 0 0 2 2 1 0 0 0 2/4 8:25 0:00 0:00
Philippe Boucher 0 0 0 1 0 2 2 1 1 2 0/0 28:09 3:33 0:00
Rich Peverley 0 2 2 2 2 3 2 0 1 0 14/31 19:36 3:10 0:00
Tim Crowder 0 0 0 0 0 2 1 0 0 0 1/1 8:26 0:00 0:00
Vyacheslav Kozlov 0 3 3 2 0 5 0 1 3 0 3/3 20:16 3:17 0:00
Willie Mitchell 0 1 1 1 0 3 2 4 0 0 0/0 28:32 3:33 0:00
Players Stats for River Rats
Player Name G A P +/- PIM S H SB GA TA FO MP PP MP PK MP
------------------------------------------------------------------------------------
Andrej Meszaros 0 0 0 -1 0 1 3 1 1 2 0/0 21:12 0:14 0:00
Andy Greene 0 0 0 -1 0 3 1 4 3 0 0/0 22:37 0:00 3:08
Benn Ferriero 0 0 0 0 2 0 1 0 0 0 3/4 10:12 0:00 0:00
Brett Maclean 0 0 0 0 0 0 1 0 0 0 2/2 16:22 0:00 0:00
Bryan Bickell 0 0 0 0 2 1 3 0 0 0 1/1 10:59 0:00 1:14
Chris Mcallister 2 0 2 -2 0 2 2 0 0 1 1/1 18:37 0:14 0:47
Dustin Boyd 0 2 2 -2 0 4 1 0 1 0 14/32 19:49 0:14 2:07
Jay Beagle 0 0 0 0 0 1 1 0 0 0 1/1 11:12 0:00 0:00
Jonathan Ericsson 0 0 0 -1 0 2 1 2 0 0 0/0 21:26 0:14 3:17
Kyle Chipchura 0 0 0 0 0 1 0 0 0 0 4/8 10:44 0:00 3:11
Lee Stempniak 1 1 2 -2 4 3 0 0 0 0 1/2 20:45 0:00 1:20
Martin Grenier 0 0 0 -1 0 3 3 1 0 1 0/0 18:29 0:00 2:40
Matt Jones 0 1 1 0 0 2 0 2 1 0 0/0 19:43 0:00 2:40
Mikael Renberg 0 1 1 0 0 8 0 1 0 1 0/0 16:16 0:14 3:09
Niklas Hjalmarsson 0 1 1 0 0 0 0 0 0 3 0/0 16:33 0:00 0:09
Trent Hunter 0 0 0 0 0 1 1 0 0 0 1/1 7:33 0:00 0:00
Tyler Bozak 0 0 0 0 2 2 0 0 0 0 4/12 13:56 0:00 0:06
Vladimir Orszagh 0 0 0 0 0 3 2 0 0 0 0/0 13:35 0:00 0:00
3 Stars
1 - Alexander Perezhogin (Min)
2 - Vyacheslav Kozlov (Min)
3 - Chris Mcallister (Alb)
Power Play
Wolves - 0 on 3 Attempt(s) - 0,00%
River Rats - 1 on 1 Attempt(s) - 100,00%
Penalty Kill
Wolves - 0 on 1 Attempt(s) - 0,00%
- Score 0 goal in Penalty Kill
River Rats - 3 on 3 Attempt(s) - 100,00%
- Score 0 goal in Penalty Kill
Official
Referees : Marouelli Dan and Devorski Paul
Linesman : Ryan Galloway and Darren Gibbs
Game Notes
Alexander Perezhogin has scored a Hat Trick!
Wolves
5 vs 5 Forward
Center Left Wing Right Wing Time % Phy DF OF
1 Rich Peverley Vyacheslav Kozlov Alexander Perezhogin 40 0 1 4
2 Mike Zigomanis Geoff Sanderson Chris Neil 30 1 0 4
3 Dan Fritsche Ethan Moreau Milan Bartovic 20 1 1 3
4 Nathan Davis Cody McLeod Tim Crowder 10 2 1 2
5 vs 5 Defense
Defense Defense Time % Phy DF OF
1 Philippe Boucher Willie Mitchell 40 1 3 1
2 Nate Guenin Matt Gilroy 30 1 3 1
3 Jonas Junland Marc-André Gragnani 20 2 2 1
4 Willie Mitchell Philippe Boucher 10 1 3 1
PowerPlay Forward
Center Left Wing Right Wing Time % Phy DF OF
1 Rich Peverley Vyacheslav Kozlov Chris Neil 60 0 1 4
2 Mike Zigomanis Geoff Sanderson Alexander Perezhogin 40 1 0 4
PowerPlay Defense
Defense Defense Time % Phy DF OF
1 Philippe Boucher Willie Mitchell 60 0 2 3
2 Nate Guenin Matt Gilroy 40 0 2 3
Penalty Kill 4 Players Forward
Center Wing Time % Phy DF OF
1 Ethan Moreau Chris Neil 60 1 3 1
2 Mike Zigomanis Milan Bartovic 40 1 3 1
Penalty Kill 4 Players Defense
Defense Defense Time % Phy DF OF
1 Matt Gilroy Nate Guenin 60 2 3 0
2 Marc-André Gragnani Jonas Junland 40 2 3 0
Penalty Kill - 3 Players Forward
Forward Time % Phy DF OF
1 Ethan Moreau 60 1 4 0
2 Chris Neil 40 1 4 0
Penalty Kill - 3 Players Defense
Defense Defense Time % Phy DF OF
1 Nate Guenin Marc-André Gragnani 60 2 3 0
2 Jonas Junland Matt Gilroy 40 2 3 0
4 vs 4 Forward
Center Wing Time % Phy DF OF
1 Alexander Perezhogin Vyacheslav Kozlov 60 1 1 3
2 Geoff Sanderson Ethan Moreau 40 1 1 3
4 vs 4 Defense
Defense Defense Time % Phy DF OF
1 Philippe Boucher Willie Mitchell 60 1 3 1
2 Nate Guenin Matt Gilroy 40 1 3 1
Last Minutes Offensive
Center Left Wing Right Wing Defense Defense
Rich Peverley Vyacheslav Kozlov Chris Neil Philippe Boucher Willie Mitchell
Last Minutes Defensive
Center Left Wing Right Wing Defense Defense
Mike Zigomanis Ethan Moreau Chris Neil Nate Guenin Willie Mitchell
Goaltenders
Starting : Julien Ellis
Backup : Loïc Lacasse
Extra Forwards
Normal : Alexander Perezhogin, Vyacheslav Kozlov, Geoff Sanderson - PP : Alexander Perezhogin, Vyacheslav Kozlov - PK : Mike Zigomanis
Extra Defensemen
Normal : Philippe Boucher, Willie Mitchell, Nate Guenin - PP : Philippe Boucher - PK : Willie Mitchell, Nate Guenin
Penalty Shots
Chris Neil, Vyacheslav Kozlov, Geoff Sanderson, Alexander Perezhogin, Rich Peverley
River Rats
5 vs 5 Forward
Center Left Wing Right Wing Time % Phy DF OF
1 Dustin Boyd Chris Mcallister Lee Stempniak 40 0 2 3
2 Tyler Bozak Brett Maclean Mikael Renberg 30 0 2 3
3 Benn Ferriero Vladimir Orszagh Jay Beagle 20 1 2 2
4 Kyle Chipchura Bryan Bickell Trent Hunter 10 1 2 2
5 vs 5 Defense
Defense Defense Time % Phy DF OF
1 Andy Greene Andrej Meszaros 40 1 2 2
2 Jonathan Ericsson Martin Grenier 30 1 2 2
3 Matt Jones Niklas Hjalmarsson 20 1 2 2
4 Andy Greene Matt Jones 10 1 2 2
PowerPlay Forward
Center Left Wing Right Wing Time % Phy DF OF
1 Dustin Boyd Chris Mcallister Mikael Renberg 60 1 2 2
2 Tyler Bozak Brett Maclean Lee Stempniak 40 1 2 2
PowerPlay Defense
Defense Defense Time % Phy DF OF
1 Andrej Meszaros Jonathan Ericsson 60 1 2 2
2 Andy Greene Martin Grenier 40 1 2 2
Penalty Kill 4 Players Forward
Center Wing Time % Phy DF OF
1 Kyle Chipchura Mikael Renberg 60 1 2 2
2 Dustin Boyd Lee Stempniak 40 1 2 2
Penalty Kill 4 Players Defense
Defense Defense Time % Phy DF OF
1 Jonathan Ericsson Andy Greene 60 1 2 2
2 Matt Jones Martin Grenier 40 1 2 2
Penalty Kill - 3 Players Forward
Forward Time % Phy DF OF
1 Kyle Chipchura 60 1 2 2
2 Mikael Renberg 40 1 2 2
Penalty Kill - 3 Players Defense
Defense Defense Time % Phy DF OF
1 Martin Grenier Andy Greene 60 1 2 2
2 Matt Jones Jonathan Ericsson 40 1 2 2
4 vs 4 Forward
Center Wing Time % Phy DF OF
1 Tyler Bozak Lee Stempniak 60 1 2 2
2 Dustin Boyd Chris Mcallister 40 1 2 2
4 vs 4 Defense
Defense Defense Time % Phy DF OF
1 Andrej Meszaros Jonathan Ericsson 60 1 2 2
2 Matt Jones Niklas Hjalmarsson 40 1 2 2
Last Minutes Offensive
Center Left Wing Right Wing Defense Defense
Dustin Boyd Chris Mcallister Lee Stempniak Jonathan Ericsson Martin Grenier
Last Minutes Defensive
Center Left Wing Right Wing Defense Defense
Dustin Boyd Chris Mcallister Lee Stempniak Jonathan Ericsson Martin Grenier
Goaltenders
Starting : Jeff Glass
Backup : Barry Brust
Extra Forwards
Normal : Bryan Bickell, Brett Maclean, Vladimir Orszagh - PP : Vladimir Orszagh, Brett Maclean - PK : Lee Stempniak
Extra Defensemen
Normal : Niklas Hjalmarsson, Matt Jones, Andrej Meszaros - PP : Andy Greene - PK : Niklas Hjalmarsson, Andrej Meszaros
Penalty Shots
Lee Stempniak, Mikael Renberg, Dustin Boyd, Brett Maclean, Benn Ferriero
% Time on Ice - Wolves
Lines # - Real PCT - Wanted PCT - Time Play
Normal Forward
1 - 34% - 40% - 16:50
2 - 27% - 30% - 13:07
3 - 22% - 20% - 11:05
4 - 17% - 10% - 8:26
Normal Defense
1 - 41% - 40% - 20:04
2 - 31% - 30% - 15:16
3 - 24% - 20% - 11:48
4 - 5% - 10% - 2:20
PP Forward
1 - 58% - 60% - 3:27
2 - 42% - 40% - 2:30
PP Defense
1 - 60% - 60% - 3:33
2 - 40% - 40% - 2:24
PK Forward
1 - 100% - 60% - 0:14
2 - 0% - 40% - 0:00
PK Defense
1 - 100% - 60% - 0:14
2 - 0% - 40% - 0:00
PK3 Forward
1 - 0% - 60%
2 - 0% - 40%
PK3 Defense
1 - 0% - 60%
2 - 0% - 40%
44 Forward
1 - 78% - 60% - 3:05
2 - 22% - 40% - 0:53
44 Defense
1 - 55% - 60% - 2:12
2 - 45% - 40% - 1:46
Last Minute Offensive - 0:00
Last Minute Defensive - 0:23
Total
Forward - 60:00
Defense - 60:00
|
% Time on Ice - River Rats
Lines # - Real PCT - Wanted PCT - Time Play
Normal Forward
1 - 38% - 40% - 18:51
2 - 26% - 30% - 12:52
3 - 21% - 20% - 10:12
4 - 15% - 10% - 7:33
Normal Defense
1 - 38% - 40% - 18:52
2 - 36% - 30% - 17:35
3 - 23% - 20% - 11:20
4 - 3% - 10% - 1:41
PP Forward
1 - 100% - 60% - 0:14
2 - 0% - 40% - 0:00
PP Defense
1 - 100% - 60% - 0:14
2 - 0% - 40% - 0:00
PK Forward
1 - 77% - 60% - 4:36
2 - 23% - 40% - 1:21
PK Defense
1 - 55% - 60% - 3:17
2 - 45% - 40% - 2:40
PK3 Forward
1 - 0% - 60%
2 - 0% - 40%
PK3 Defense
1 - 0% - 60%
2 - 0% - 40%
44 Forward
1 - 100% - 60% - 3:58
2 - 0% - 40% - 0:00
44 Defense
1 - 53% - 60% - 2:07
2 - 47% - 40% - 1:51
Last Minute Offensive - 0:23
Last Minute Defensive - 0:00
Total
Forward - 60:00
Defense - 60:00
|
Play by Play
1st period
0:01 of 1st period - Dustin Boyd wins face-off versus Rich Peverley in neutral zone.
0:25 of 1st period - Andy Greene is hit by Chris Neil and loses puck.
0:57 of 1st period - Off-side.
0:58 of 1st period - Tim Crowder wins face-off versus Kyle Chipchura in neutral zone.
1:13 of 1st period - Snap shot by Tim Crowder.
1:13 of 1st period - Stopped by Jeff Glass without a rebound.
1:14 of 1st period - Dustin Boyd wins face-off versus Rich Peverley in River Rats zone.
1:19 of 1st period - Rich Peverley is hit by Dustin Boyd and loses puck.
2:04 of 1st period - Wrist shot by Cody McLeod.
2:04 of 1st period - Shot Blocked by Matt Jones.
2:06 of 1st period - Slapshot by Matt Gilroy.
2:06 of 1st period - Shot Blocked by Andy Greene.
2:26 of 1st period - Slapshot by Milan Bartovic.
2:26 of 1st period - Shot Misses the Net.
2:32 of 1st period - Matt Gilroy is hit by Trent Hunter and loses puck.
2:50 of 1st period - Wrist shot by Lee Stempniak.
2:50 of 1st period - Stopped by Julien Ellis without a rebound.
2:51 of 1st period - Vyacheslav Kozlov wins face-off versus Dustin Boyd in Wolves zone.
2:51 of 1st period - Vyacheslav Kozlov is hit by Chris Mcallister.
3:44 of 1st period - Cody McLeod is hit by Andrej Meszaros and loses puck.
3:51 of 1st period - Wrist shot by Nathan Davis.
3:51 of 1st period - Stopped by Jeff Glass without a rebound.
3:52 of 1st period - Rich Peverley wins face-off versus Dustin Boyd in River Rats zone.
3:53 of 1st period - Slapshot by Vyacheslav Kozlov.
3:53 of 1st period - Shot Hit the Post.
3:55 of 1st period - Slapshot by Alexander Perezhogin.
3:55 of 1st period - Shot Misses the Net.
4:22 of 1st period - Jonathan Ericsson is hit by Geoff Sanderson and loses puck.
4:27 of 1st period - Slapshot by Geoff Sanderson.
4:27 of 1st period - Stopped by Jeff Glass without a rebound.
4:28 of 1st period - Dustin Boyd wins face-off versus Dan Fritsche in River Rats zone.
4:33 of 1st period - Snap shot by Lee Stempniak.
4:33 of 1st period - Shot Misses the Net.
4:35 of 1st period - Slapshot by Martin Grenier.
4:35 of 1st period - Stopped by Julien Ellis with a rebound.
4:44 of 1st period - Slapshot by Martin Grenier.
4:44 of 1st period - Shot Blocked by Matt Gilroy.
5:22 of 1st period - Snap shot by Geoff Sanderson.
5:22 of 1st period - Shot Misses the Net.
5:24 of 1st period - Slapshot by Nate Guenin.
5:24 of 1st period - Deflect By Chris Neil.
5:24 of 1st period - Stopped by Jeff Glass with a rebound.
5:26 of 1st period - Slapshot by Nate Guenin.
5:26 of 1st period - Stopped by Jeff Glass without a rebound.
5:27 of 1st period - Rich Peverley wins face-off versus Lee Stempniak in River Rats zone.
5:30 of 1st period - Wrist shot by Vyacheslav Kozlov.
5:30 of 1st period - Shot Misses the Net.
5:54 of 1st period - Willie Mitchell is hit by Brett Maclean.
6:24 of 1st period - Wrist shot by Ethan Moreau.
6:24 of 1st period - Stopped by Jeff Glass with a rebound.
6:58 of 1st period - Slapshot by Lee Stempniak.
6:58 of 1st period - Shot Blocked by Nate Guenin.
7:00 of 1st period - Slapshot by Matt Jones.
7:00 of 1st period - Stopped by Julien Ellis without a rebound.
7:01 of 1st period - Rich Peverley wins face-off versus Dustin Boyd in Wolves zone.
7:03 of 1st period - Minor Penalty to Lee Stempniak for Hooking.
7:04 of 1st period - Kyle Chipchura wins face-off versus Rich Peverley in River Rats zone.
7:10 of 1st period - Icing by Chris Neil.
7:11 of 1st period - Kyle Chipchura wins face-off versus Rich Peverley in Wolves zone.
7:12 of 1st period - Wrist shot by Mikael Renberg.
7:12 of 1st period - Stopped by Julien Ellis without a rebound.
7:13 of 1st period - Rich Peverley wins face-off versus Kyle Chipchura in Wolves zone.
7:35 of 1st period - Slapshot by Willie Mitchell.
7:35 of 1st period - Shot Blocked by Martin Grenier.
7:37 of 1st period - Snap shot by Rich Peverley.
7:37 of 1st period - Shot Misses the Net.
7:39 of 1st period - Snap shot by Willie Mitchell.
7:39 of 1st period - Stopped by Jeff Glass with a rebound.
7:41 of 1st period - Slapshot by Chris Neil.
7:41 of 1st period - Shot Blocked by Mikael Renberg.
8:01 of 1st period - Wrist shot by Vyacheslav Kozlov.
8:01 of 1st period - Shot Misses the Net.
8:03 of 1st period - Wrist shot by Chris Neil.
8:03 of 1st period - Stopped by Jeff Glass without a rebound.
8:04 of 1st period - Mike Zigomanis wins face-off versus Dustin Boyd in River Rats zone.
9:03 of 1st period - Penalty to Lee Stempniak is over, Lee Stempniak is back on ice.
9:43 of 1st period - Mikael Renberg is hit by Tim Crowder and loses puck.
9:56 of 1st period - Wrist shot by Bryan Bickell.
9:56 of 1st period - Shot Blocked by Marc-André Gragnani.
10:07 of 1st period - Icing by Jonas Junland.
10:08 of 1st period - Benn Ferriero wins face-off versus Dan Fritsche in Wolves zone.
10:15 of 1st period - Snap shot by Vladimir Orszagh.
10:15 of 1st period - Stopped by Julien Ellis without a rebound.
10:16 of 1st period - Benn Ferriero wins face-off versus Rich Peverley in Wolves zone.
10:19 of 1st period - Slapshot by Martin Grenier.
10:19 of 1st period - Shot Blocked by Alexander Perezhogin.
10:25 of 1st period - Snap shot by Vyacheslav Kozlov.
10:25 of 1st period - Stopped by Jeff Glass with a rebound.
10:27 of 1st period - Slapshot by Nate Guenin.
10:27 of 1st period - Deflect By Jay Beagle.
10:27 of 1st period - Stopped by Jeff Glass with a rebound.
10:29 of 1st period - Snap shot by Alexander Perezhogin.
10:29 of 1st period - Shot Blocked by Jonathan Ericsson.
10:31 of 1st period - Snap shot by Matt Gilroy.
10:31 of 1st period - Deflect By Martin Grenier.
10:31 of 1st period - Stopped by Jeff Glass without a rebound.
10:32 of 1st period - Dustin Boyd wins face-off versus Mike Zigomanis in River Rats zone.
10:41 of 1st period - Snap shot by Dustin Boyd.
10:41 of 1st period - Stopped by Julien Ellis with a rebound.
10:43 of 1st period - Snap shot by Dustin Boyd.
10:43 of 1st period - Shot Blocked by Mike Zigomanis.
10:45 of 1st period - Slapshot by Martin Grenier.
10:45 of 1st period - Shot Misses the Net.
10:47 of 1st period - Slapshot by Jonathan Ericsson.
10:47 of 1st period - Stopped by Julien Ellis with a rebound.
10:57 of 1st period - Willie Mitchell is hit by Martin Grenier.
11:07 of 1st period - Kyle Chipchura is hit by Nate Guenin and loses puck.
11:14 of 1st period - Wrist shot by Chris Neil.
11:14 of 1st period - Shot Misses the Net.
11:16 of 1st period - Slapshot by Mike Zigomanis.
11:16 of 1st period - Shot Misses the Net.
11:18 of 1st period - Snap shot by Chris Neil.
11:18 of 1st period - Stopped by Jeff Glass without a rebound.
11:19 of 1st period - Dustin Boyd wins face-off versus Rich Peverley in River Rats zone.
11:32 of 1st period - Snap shot by Alexander Perezhogin.
11:32 of 1st period - Goal by Alexander Perezhogin - Wolves : 1 - River Rats : 0.
11:33 of 1st period - Rich Peverley wins face-off versus Dustin Boyd in neutral zone.
11:44 of 1st period - Slapshot by Rich Peverley.
11:44 of 1st period - Shot Hit the Post.
11:46 of 1st period - Snap shot by Alexander Perezhogin.
11:46 of 1st period - Goal by Alexander Perezhogin - Wolves : 2 - River Rats : 0.
11:47 of 1st period - Vyacheslav Kozlov wins face-off versus Dustin Boyd in neutral zone.
12:00 of 1st period - Wrist shot by Dustin Boyd.
12:00 of 1st period - Deflect By Chris Mcallister.
12:00 of 1st period - Goal by Chris Mcallister - Wolves : 2 - River Rats : 1.
12:01 of 1st period - Tyler Bozak wins face-off versus Rich Peverley in neutral zone.
12:28 of 1st period - Lee Stempniak is hit by Willie Mitchell and loses puck.
12:47 of 1st period - Benn Ferriero is hit by Philippe Boucher and loses puck.
13:26 of 1st period - Snap shot by Tyler Bozak.
13:26 of 1st period - Shot Misses the Net.
13:28 of 1st period - Snap shot by Mikael Renberg.
13:28 of 1st period - Stopped by Julien Ellis with a rebound.
13:30 of 1st period - Snap shot by Mikael Renberg.
13:30 of 1st period - Stopped by Julien Ellis without a rebound.
13:31 of 1st period - Dustin Boyd wins face-off versus Rich Peverley in Wolves zone.
14:05 of 1st period - Slapshot by Andy Greene.
14:05 of 1st period - Shot Blocked by Matt Gilroy.
14:07 of 1st period - Slapshot by Andy Greene.
14:07 of 1st period - Stopped by Julien Ellis without a rebound.
14:08 of 1st period - Tyler Bozak wins face-off versus Mike Zigomanis in Wolves zone.
14:40 of 1st period - Snap shot by Rich Peverley.
14:40 of 1st period - Stopped by Jeff Glass with a rebound.
14:42 of 1st period - Slapshot by Marc-André Gragnani.
14:42 of 1st period - Stopped by Jeff Glass with a rebound.
14:44 of 1st period - Snap shot by Vyacheslav Kozlov.
14:44 of 1st period - Shot Misses the Net.
14:46 of 1st period - Wrist shot by Rich Peverley.
14:46 of 1st period - Shot Misses the Net.
15:59 of 1st period - Wrist shot by Bryan Bickell.
15:59 of 1st period - Stopped by Julien Ellis with a rebound.
16:01 of 1st period - Snap shot by Niklas Hjalmarsson.
16:01 of 1st period - Shot Misses the Net.
16:03 of 1st period - Slapshot by Matt Jones.
16:03 of 1st period - Shot Misses the Net.
16:09 of 1st period - Snap shot by Kyle Chipchura.
16:09 of 1st period - Stopped by Julien Ellis with a rebound.
16:19 of 1st period - Wrist shot by Vladimir Orszagh.
16:19 of 1st period - Stopped by Julien Ellis without a rebound.
16:20 of 1st period - Rich Peverley wins face-off versus Benn Ferriero in Wolves zone.
16:45 of 1st period - Snap shot by Vladimir Orszagh.
16:45 of 1st period - Stopped by Julien Ellis without a rebound.
16:46 of 1st period - Dustin Boyd wins face-off versus Dan Fritsche in Wolves zone.
16:57 of 1st period - Snap shot by Lee Stempniak.
16:57 of 1st period - Shot Misses the Net.
17:42 of 1st period - Minor Penalty to Benn Ferriero for Tripping.
17:43 of 1st period - Rich Peverley wins face-off versus Kyle Chipchura in River Rats zone.
17:46 of 1st period - Snap shot by Vyacheslav Kozlov.
17:46 of 1st period - Stopped by Jeff Glass with a rebound.
17:48 of 1st period - Slapshot by Philippe Boucher.
17:48 of 1st period - Shot Blocked by Jonathan Ericsson.
19:42 of 1st period - Penalty to Benn Ferriero is over, Benn Ferriero is back on ice.
2nd period
0:01 of 2nd period - Lee Stempniak wins face-off versus Rich Peverley in neutral zone.
0:06 of 2nd period - Snap shot by Lee Stempniak.
0:06 of 2nd period - Deflect By Dustin Boyd.
0:06 of 2nd period - Shot Misses the Net.
0:06 of 2nd period - Puck is out of play.
0:07 of 2nd period - Vyacheslav Kozlov wins face-off versus Dustin Boyd in Wolves zone.
0:12 of 2nd period - Snap shot by Dustin Boyd.
0:12 of 2nd period - Stopped by Julien Ellis with a rebound.
0:14 of 2nd period - Snap shot by Andrej Meszaros.
0:14 of 2nd period - Shot Blocked by Philippe Boucher.
0:16 of 2nd period - Snap shot by Lee Stempniak.
0:16 of 2nd period - Deflect By Dustin Boyd.
0:16 of 2nd period - Shot Misses the Net.
0:16 of 2nd period - Puck is out of play.
0:17 of 2nd period - Rich Peverley wins face-off versus Dustin Boyd in Wolves zone.
0:27 of 2nd period - Off-side.
0:28 of 2nd period - Alexander Perezhogin wins face-off versus Dustin Boyd in neutral zone.
0:35 of 2nd period - Snap shot by Vyacheslav Kozlov.
0:35 of 2nd period - Shot Blocked by Andy Greene.
0:53 of 2nd period - Snap shot by Vladimir Orszagh.
0:53 of 2nd period - Shot Misses the Net.
0:55 of 2nd period - Slapshot by Martin Grenier.
0:55 of 2nd period - Deflect By Philippe Boucher.
0:55 of 2nd period - Stopped by Julien Ellis with a rebound.
0:57 of 2nd period - Snap shot by Vladimir Orszagh.
0:57 of 2nd period - Shot Misses the Net.
0:59 of 2nd period - Slapshot by Jonathan Ericsson.
0:59 of 2nd period - Stopped by Julien Ellis without a rebound.
1:00 of 2nd period - Jay Beagle wins face-off versus Mike Zigomanis in Wolves zone.
1:14 of 2nd period - Slapshot by Geoff Sanderson.
1:14 of 2nd period - Stopped by Jeff Glass without a rebound.
1:15 of 2nd period - Rich Peverley wins face-off versus Tyler Bozak in River Rats zone.
1:46 of 2nd period - Snap shot by Vyacheslav Kozlov.
1:46 of 2nd period - Stopped by Jeff Glass with a rebound.
1:48 of 2nd period - Backhand shot by Philippe Boucher.
1:48 of 2nd period - Shot Misses the Net.
1:50 of 2nd period - Slapshot by Vyacheslav Kozlov.
1:50 of 2nd period - Stopped by Jeff Glass without a rebound.
1:51 of 2nd period - Mike Zigomanis wins face-off versus Dustin Boyd in River Rats zone.
2:06 of 2nd period - Snap shot by Chris Neil.
2:06 of 2nd period - Shot Misses the Net.
2:27 of 2nd period - Snap shot by Milan Bartovic.
2:27 of 2nd period - Shot Misses the Net.
2:41 of 2nd period - Kyle Chipchura is hit by Matt Gilroy and loses puck.
2:50 of 2nd period - Snap shot by Rich Peverley.
2:50 of 2nd period - Shot Hit the Post.
3:10 of 2nd period - Martin Grenier is hit by Cody McLeod and loses puck.
3:23 of 2nd period - Wrist shot by Chris Neil.
3:23 of 2nd period - Shot Misses the Net.
3:25 of 2nd period - Slapshot by Marc-André Gragnani.
3:25 of 2nd period - Shot Misses the Net.
3:27 of 2nd period - Slapshot by Geoff Sanderson.
3:27 of 2nd period - Stopped by Jeff Glass without a rebound.
3:28 of 2nd period - Mike Zigomanis wins face-off versus Dustin Boyd in River Rats zone.
3:43 of 2nd period - Snap shot by Dustin Boyd.
3:43 of 2nd period - Shot Misses the Net.
4:02 of 2nd period - Snap shot by Andrej Meszaros.
4:02 of 2nd period - Stopped by Julien Ellis without a rebound.
4:03 of 2nd period - Dustin Boyd wins face-off versus Rich Peverley in Wolves zone.
4:14 of 2nd period - Matt Jones is hit by Willie Mitchell and loses puck.
5:53 of 2nd period - Snap shot by Mikael Renberg.
5:53 of 2nd period - Stopped by Julien Ellis with a rebound.
5:55 of 2nd period - Slapshot by Mikael Renberg.
5:55 of 2nd period - Stopped by Julien Ellis with a rebound.
6:20 of 2nd period - Dan Fritsche is hit by Andrej Meszaros and loses puck.
7:05 of 2nd period - Slapshot by Mikael Renberg.
7:05 of 2nd period - Stopped by Julien Ellis without a rebound.
7:06 of 2nd period - Mike Zigomanis wins face-off versus Dustin Boyd in Wolves zone.
7:13 of 2nd period - Lee Stempniak is hit by Mike Zigomanis and loses puck.
7:29 of 2nd period - Icing by Lee Stempniak.
7:30 of 2nd period - Tyler Bozak wins face-off versus Dan Fritsche in River Rats zone.
7:30 of 2nd period - Tyler Bozak is hit by Philippe Boucher.
7:55 of 2nd period - Dustin Boyd is hit by Rich Peverley and loses puck.
8:00 of 2nd period - Snap shot by Vyacheslav Kozlov.
8:00 of 2nd period - Stopped by Jeff Glass with a rebound.
8:02 of 2nd period - Slapshot by Nate Guenin.
8:02 of 2nd period - Deflect By Alexander Perezhogin.
8:02 of 2nd period - Goal by Alexander Perezhogin - Wolves : 3 - River Rats : 1.
8:03 of 2nd period - Dustin Boyd wins face-off versus Rich Peverley in neutral zone.
8:33 of 2nd period - Wrist shot by Mikael Renberg.
8:33 of 2nd period - Stopped by Julien Ellis without a rebound.
8:34 of 2nd period - Mike Zigomanis wins face-off versus Tyler Bozak in Wolves zone.
8:43 of 2nd period - Slapshot by Mike Zigomanis.
8:43 of 2nd period - Stopped by Jeff Glass with a rebound.
9:04 of 2nd period - Snap shot by Dustin Boyd.
9:04 of 2nd period - Stopped by Julien Ellis with a rebound.
9:06 of 2nd period - Slapshot by Matt Jones.
9:06 of 2nd period - Stopped by Julien Ellis without a rebound.
9:07 of 2nd period - Rich Peverley wins face-off versus Dustin Boyd in Wolves zone.
9:07 of 2nd period - Rich Peverley is hit by Chris Mcallister.
9:08 of 2nd period - Minor Penalty to Lee Stempniak for Hooking.
9:08 of 2nd period - Minor Penalty to Rich Peverley for Holding.
9:09 of 2nd period - Alexander Perezhogin wins face-off versus Tyler Bozak in Wolves zone.
9:57 of 2nd period - Snap shot by Ethan Moreau.
9:57 of 2nd period - Stopped by Jeff Glass with a rebound.
10:24 of 2nd period - Chris Mcallister is hit by Geoff Sanderson and loses puck.
11:08 of 2nd period - Penalty to Lee Stempniak is over, Lee Stempniak is back on ice.
11:08 of 2nd period - Penalty to Rich Peverley is over, Rich Peverley is back on ice.
11:22 of 2nd period - Snap shot by Lee Stempniak.
11:22 of 2nd period - Stopped by Julien Ellis with a rebound.
11:58 of 2nd period - Snap shot by Brett Maclean.
11:58 of 2nd period - Shot Misses the Net.
12:29 of 2nd period - Snap shot by Rich Peverley.
12:29 of 2nd period - Stopped by Jeff Glass with a rebound.
12:31 of 2nd period - Wrist shot by Dan Fritsche.
12:31 of 2nd period - Stopped by Jeff Glass with a rebound.
12:50 of 2nd period - Vladimir Orszagh is hit by Dan Fritsche and loses puck.
13:15 of 2nd period - Wrist shot by Rich Peverley.
13:15 of 2nd period - Stopped by Jeff Glass without a rebound.
13:16 of 2nd period - Kyle Chipchura wins face-off versus Chris Neil in River Rats zone.
13:36 of 2nd period - Bryan Bickell is hit by Mike Zigomanis and loses puck.
13:53 of 2nd period - Slapshot by Dustin Boyd.
13:53 of 2nd period - Shot Blocked by Matt Gilroy.
13:55 of 2nd period - Slapshot by Martin Grenier.
13:55 of 2nd period - Stopped by Julien Ellis with a rebound.
13:57 of 2nd period - Wrist shot by Jay Beagle.
13:57 of 2nd period - Stopped by Julien Ellis without a rebound.
13:58 of 2nd period - Nathan Davis wins face-off versus Dustin Boyd in Wolves zone.
14:29 of 2nd period - Wrist shot by Chris Neil.
14:29 of 2nd period - Deflect By Geoff Sanderson.
14:29 of 2nd period - Stopped by Jeff Glass without a rebound.
14:30 of 2nd period - Kyle Chipchura wins face-off versus Nathan Davis in River Rats zone.
14:32 of 2nd period - Icing by Andy Greene.
14:33 of 2nd period - Trent Hunter wins face-off versus Nathan Davis in River Rats zone.
15:46 of 2nd period - Andrej Meszaros is hit by Cody McLeod and loses puck.
16:35 of 2nd period - Minor Penalty to Nathan Davis for Slashing.
16:36 of 2nd period - Ethan Moreau wins face-off versus Dustin Boyd in Wolves zone.
16:49 of 2nd period - Snap shot by Chris Mcallister.
16:49 of 2nd period - Goal by Chris Mcallister - Wolves : 3 - River Rats : 2.
16:50 of 2nd period - Rich Peverley wins face-off versus Tyler Bozak in neutral zone.
16:57 of 2nd period - Snap shot by Alexander Perezhogin.
16:57 of 2nd period - Stopped by Jeff Glass with a rebound.
17:38 of 2nd period - Wrist shot by Dustin Boyd.
17:38 of 2nd period - Shot Misses the Net.
17:40 of 2nd period - Wrist shot by Benn Ferriero.
17:40 of 2nd period - Shot Misses the Net.
18:06 of 2nd period - Icing by Nate Guenin.
18:07 of 2nd period - Nathan Davis wins face-off versus Tyler Bozak in Wolves zone.
18:28 of 2nd period - Wrist shot by Cody McLeod.
18:28 of 2nd period - Shot Blocked by Andrej Meszaros.
18:30 of 2nd period - Wrist shot by Nathan Davis.
18:30 of 2nd period - Stopped by Jeff Glass without a rebound.
18:31 of 2nd period - Dustin Boyd wins face-off versus Rich Peverley in River Rats zone.
18:33 of 2nd period - Icing by Lee Stempniak.
18:34 of 2nd period - Dustin Boyd wins face-off versus Rich Peverley in River Rats zone.
19:46 of 2nd period - Off-side.
19:47 of 2nd period - Benn Ferriero wins face-off versus Rich Peverley in neutral zone.
19:50 of 2nd period - Wrist shot by Andy Greene.
19:50 of 2nd period - Stopped by Julien Ellis with a rebound.
3rd period
0:01 of 3rd period - Tyler Bozak wins face-off versus Rich Peverley in neutral zone.
0:06 of 3rd period - Snap shot by Mikael Renberg.
0:06 of 3rd period - Shot Blocked by Willie Mitchell.
1:15 of 3rd period - Slapshot by Trent Hunter.
1:15 of 3rd period - Stopped by Julien Ellis with a rebound.
1:48 of 3rd period - Slapshot by Mike Zigomanis.
1:48 of 3rd period - Goal by Mike Zigomanis - Wolves : 4 - River Rats : 2.
1:49 of 3rd period - Rich Peverley wins face-off versus Tyler Bozak in neutral zone.
2:16 of 3rd period - Wrist shot by Milan Bartovic.
2:16 of 3rd period - Stopped by Jeff Glass with a rebound.
2:28 of 3rd period - Snap shot by Tyler Bozak.
2:28 of 3rd period - Stopped by Julien Ellis without a rebound.
2:29 of 3rd period - Dustin Boyd wins face-off versus Rich Peverley in Wolves zone.
2:44 of 3rd period - Dustin Boyd is hit by Rich Peverley and loses puck.
2:55 of 3rd period - Andy Greene is hit by Geoff Sanderson and loses puck.
3:06 of 3rd period - Slapshot by Benn Ferriero.
3:06 of 3rd period - Shot Misses the Net.
3:44 of 3rd period - Wrist shot by Dan Fritsche.
3:44 of 3rd period - Stopped by Jeff Glass with a rebound.
3:46 of 3rd period - Slapshot by Nate Guenin.
3:46 of 3rd period - Stopped by Jeff Glass with a rebound.
3:48 of 3rd period - Wrist shot by Dan Fritsche.
3:48 of 3rd period - Shot Misses the Net.
4:04 of 3rd period - Wrist shot by Mikael Renberg.
4:04 of 3rd period - Shot Misses the Net.
4:06 of 3rd period - Slapshot by Dustin Boyd.
4:06 of 3rd period - Stopped by Julien Ellis without a rebound.
4:07 of 3rd period - Rich Peverley wins face-off versus Dustin Boyd in Wolves zone.
4:12 of 3rd period - Slapshot by Willie Mitchell.
4:12 of 3rd period - Shot Misses the Net.
4:14 of 3rd period - Slapshot by Rich Peverley.
4:14 of 3rd period - Shot Blocked by Andy Greene.
4:16 of 3rd period - Slapshot by Vyacheslav Kozlov.
4:16 of 3rd period - Shot Misses the Net.
4:18 of 3rd period - Snap shot by Vyacheslav Kozlov.
4:18 of 3rd period - Shot Misses the Net.
4:20 of 3rd period - Slapshot by Willie Mitchell.
4:20 of 3rd period - Stopped by Jeff Glass with a rebound.
4:22 of 3rd period - Wrist shot by Alexander Perezhogin.
4:22 of 3rd period - Shot Misses the Net.
4:34 of 3rd period - Geoff Sanderson is hit by Benn Ferriero and loses puck.
5:15 of 3rd period - Wrist shot by Trent Hunter.
5:15 of 3rd period - Shot Misses the Net.
5:53 of 3rd period - Chris Neil is hit by Vladimir Orszagh and loses puck.
6:12 of 3rd period - Mikael Renberg is hit by Nate Guenin and loses puck.
6:39 of 3rd period - Slapshot by Tim Crowder.
6:39 of 3rd period - Stopped by Jeff Glass with a rebound.
6:41 of 3rd period - Wrist shot by Willie Mitchell.
6:41 of 3rd period - Stopped by Jeff Glass with a rebound.
7:10 of 3rd period - Rich Peverley is hit by Martin Grenier and loses puck.
7:25 of 3rd period - Chris Neil is hit by Jay Beagle and loses puck.
8:05 of 3rd period - Andy Greene is hit by Nathan Davis and loses puck.
8:16 of 3rd period - Philippe Boucher is hit by Bryan Bickell.
8:48 of 3rd period - Wrist shot by Geoff Sanderson.
8:48 of 3rd period - Shot Blocked by Matt Jones.
9:12 of 3rd period - Brett Maclean is hit by Dan Fritsche and loses puck.
9:47 of 3rd period - Wrist shot by Lee Stempniak.
9:47 of 3rd period - Goal by Lee Stempniak - Wolves : 4 - River Rats : 3.
9:48 of 3rd period - Dustin Boyd wins face-off versus Rich Peverley in neutral zone.
10:19 of 3rd period - Snap shot by Chris Neil.
10:19 of 3rd period - Shot Misses the Net.
10:21 of 3rd period - Slapshot by Mike Zigomanis.
10:21 of 3rd period - Shot Misses the Net.
10:49 of 3rd period - Minor Penalty to Bryan Bickell for Cross-checking.
10:50 of 3rd period - Rich Peverley wins face-off versus Kyle Chipchura in River Rats zone.
11:23 of 3rd period - Wrist shot by Alexander Perezhogin.
11:23 of 3rd period - Shot Blocked by Andy Greene.
11:25 of 3rd period - Slapshot by Nate Guenin.
11:25 of 3rd period - Stopped by Jeff Glass with a rebound.
12:49 of 3rd period - Penalty to Bryan Bickell is over, Bryan Bickell is back on ice.
13:02 of 3rd period - Jay Beagle is hit by Cody McLeod.
13:28 of 3rd period - Dan Fritsche is hit by Bryan Bickell and loses puck.
13:51 of 3rd period - Marc-André Gragnani is hit by Martin Grenier and loses puck.
14:06 of 3rd period - Jonas Junland is hit by Andrej Meszaros and loses puck.
14:19 of 3rd period - Rich Peverley is hit by Bryan Bickell and loses puck.
14:32 of 3rd period - Marc-André Gragnani is hit by Jonathan Ericsson and loses puck.
14:39 of 3rd period - Cody McLeod is hit by Vladimir Orszagh and loses puck.
14:52 of 3rd period - Icing by Vladimir Orszagh.
14:53 of 3rd period - Dustin Boyd wins face-off versus Mike Zigomanis in River Rats zone.
15:22 of 3rd period - Snap shot by Mikael Renberg.
15:22 of 3rd period - Stopped by Julien Ellis without a rebound.
15:23 of 3rd period - Dan Fritsche wins face-off versus Tyler Bozak in Wolves zone.
15:23 of 3rd period - Dan Fritsche is hit by Andy Greene.
15:24 of 3rd period - Minor Penalty to Tyler Bozak for High sticking.
15:24 of 3rd period - Minor Penalty to Nate Guenin for Holding.
15:25 of 3rd period - Bryan Bickell wins face-off versus Alexander Perezhogin in Wolves zone.
16:30 of 3rd period - Icing by Lee Stempniak.
16:31 of 3rd period - Brett Maclean wins face-off versus Geoff Sanderson in River Rats zone.
16:37 of 3rd period - Off-side.
16:38 of 3rd period - Brett Maclean wins face-off versus Alexander Perezhogin in neutral zone.
16:43 of 3rd period - Wrist shot by Bryan Bickell.
16:43 of 3rd period - Shot Blocked by Vyacheslav Kozlov.
17:24 of 3rd period - Penalty to Tyler Bozak is over, Tyler Bozak is back on ice.
17:24 of 3rd period - Penalty to Nate Guenin is over, Nate Guenin is back on ice.
17:32 of 3rd period - Icing by Chris Neil.
17:33 of 3rd period - Mike Zigomanis wins face-off versus Tyler Bozak in Wolves zone.
17:40 of 3rd period - Wrist shot by Tyler Bozak.
17:40 of 3rd period - Stopped by Julien Ellis with a rebound.
18:16 of 3rd period - Slapshot by Andy Greene.
18:16 of 3rd period - Shot Blocked by Willie Mitchell.
18:18 of 3rd period - Slapshot by Andy Greene.
18:18 of 3rd period - Shot Blocked by Willie Mitchell.
18:20 of 3rd period - Slapshot by Andy Greene.
18:20 of 3rd period - Shot Misses the Net.
18:22 of 3rd period - Slapshot by Andy Greene.
18:22 of 3rd period - Stopped by Julien Ellis without a rebound.
18:23 of 3rd period - Chris Mcallister wins face-off versus Dan Fritsche in Wolves zone.
18:30 of 3rd period - Wrist shot by Philippe Boucher.
18:30 of 3rd period - Deflect By Dustin Boyd.
18:30 of 3rd period - Stopped by Jeff Glass without a rebound.
18:31 of 3rd period - Dan Fritsche wins face-off versus Dustin Boyd in River Rats zone.
18:52 of 3rd period - Wrist shot by Dustin Boyd.
18:52 of 3rd period - Shot Blocked by Willie Mitchell.
19:30 of 3rd period - Backhand shot by Philippe Boucher.
19:30 of 3rd period - Deflect By Chris Mcallister.
19:30 of 3rd period - Stopped by Jeff Glass with a rebound.
19:32 of 3rd period - Slapshot by Ethan Moreau.
19:32 of 3rd period - Stopped by Jeff Glass with a rebound.
19:36 of 3rd period - Slapshot by Milan Bartovic.
19:36 of 3rd period - Stopped by Jeff Glass without a rebound.
19:37 of 3rd period - Randy Cunneyworth call a timeout for River Rats.
19:37 of 3rd period - Mike Zigomanis wins face-off versus Dustin Boyd in River Rats zone.
19:54 of 3rd period - Slapshot by Mike Zigomanis.
19:54 of 3rd period - Stopped by Jeff Glass with a rebound.
Output by the SimonT Hockey Simulator (STHS) for François Prévost -- Original Page W3C XHTML 1.0 Valid